 Dungeon Crawl Stone Soup version 0.30.1 (webtiles) character file.

Game seed: 15163997077955852621

30 Graphine the Trooper (level 3, -2/29 HPs)
             Began as a Demonspawn Fighter on July 10, 2023.
             Slain by a gnoll
             ... wielding a +0 club
              (5 damage)
             ... on level 2 of the Dungeon.
             The game lasted 00:02:24 (976 turns).

Graphine the Trooper (Demonspawn Fighter)            Turns: 976, Time: 00:02:24

Health: -2/29      AC: 11    Str: 18    XL:     3   Next: 5%
Magic:  3/3        EV:  7    Int:  9    God:
Gold:   34         SH:  4    Dex: 12    Spells: 2/2 levels left

rFire   . . .        a - +0 war axe
rCold   . . .        c - +0 buckler
rNeg    . . .        f - +0 chain mail
rPois   .            (helmet restricted)
rElec   .            (no cloak)
rCorr   .            (no gloves)
SInv    .            (no boots)
Will    .....        (no amulet) Stlth
                     (no ring)
HPRegen 0.24/turn    (no ring)
MPRegen 0.08/turn

%: no passive effects
@: mighty
A: horns 1, molten scales 1
a: no special abilities


You were on level 2 of the Dungeon.
You visited 1 branch of the dungeon, and saw 2 of its levels.

You collected 34 gold pieces.

Inventory:

Hand Weapons
 a - a +0 war axe (weapon)
Armour
 b - a +0 scale mail
 c - a +0 buckler (worn)
 f - a +0 chain mail (worn)
Jewellery
 h - an amulet of the acrobat
Potions
 i - a potion of magic


   Skills:
 + Level 3.3 Fighting
 + Level 2.2 Axes
 + Level 3.0 Armour
 + Level 3.0 Shields


You had 2 spell levels left.
You didn't know any spells.
Your spell library was empty.

Dungeon Overview and Level Annotations

Branches:
Dungeon (2/15)

Altars:


Innate Abilities, Weirdness & Mutations

You have a pair of small horns on your head.
You are partially covered in molten scales. (AC +2)


Message History

The gnoll hits you but does no damage.
The gnoll hits you from afar with a +0 spear.
* * * LOW HITPOINT WARNING * * *
It was a potion of curing.
You feel better. The gnoll hits you but does no damage.
The gnoll barely misses you.
You aren't carrying any items that you can evoke.
You feel very mighty all of a sudden.
The gnoll hits you but does no damage. x2
You barely miss the gnoll. You headbutt the gnoll!
The gnoll is severely wounded.
The gnoll hits you with a +2 spear of freezing.
* * * LOW HITPOINT WARNING * * *
The gnoll freezes you.
* * * LOW HITPOINT WARNING * * *
You slash the gnoll!
You kill the gnoll!
The gnoll throws a throwing net.
The throwing net hits you.
You become entangled in the net!
Your Armour skill increases to level 3!
Your Shields skill increases to level 3!
You have reached level 3!
Your experience leads to an increase in your attributes!
Increase (S)trength, (I)ntelligence, or (D)exterity?
You feel stronger. x2; Your demonic ancestry asserts itself...
Molten scales grow over part of your body.
You tear a large gash into the net.
You struggle against the net.
The gnoll hits you but does no damage.
You rip the net and break free!
The gnoll barely misses you.
The gnoll hits you from afar with a +0 spear.
* * * LOW HITPOINT WARNING * * *
You barely miss the gnoll. The gnoll barely misses you.
The gnoll hits you from afar with a +0 spear.
* * * LOW HITPOINT WARNING * * *
You see here a +0 sling.
The gnoll attacks as you move away! The gnoll hits you with a +0 club.
* * * LOW HITPOINT WARNING * * *
You slash the gnoll! Your headbutt misses the gnoll.
The gnoll is almost dead.
The gnoll hits you with a +0 club.
You die...

.w. # ..##.# #g#
#.#.##.# #.#
#.#.##.# #)#
#......# ##.##
###.#### ##...##
#.# #...g)### #.#
##....g.########.#
##.#.#g@........#
#.#...##########
......#.#
.##.#...# #.#####
#.


You could see 3 gnolls.

Vanquished Creatures
  A gnoll (D:2)
  A dart slug (D:1)
  4 endoplasms (D:1)
  A giant cockroach (D:1)
  A hobgoblin (D:1)
  A quokka (D:1)
  A ball python (D:1)
  A bat (D:1)
  A frilled lizard (D:1)
  4 kobolds
  2 rats (D:1)
18 creatures vanquished.

Notes
Turn   | Place    | Note
-------+----------+-------------------------------------------
     0 | D:1      | Graphine the Demonspawn Fighter began the quest for the
                  | Orb.
     0 | D:1      | Reached XP level 1. HP: 18/18 MP: 1/1
   281 | D:1      | Gained mutation: You have a pair of small horns on your
                  | head. [demonic ancestry]
   281 | D:1      | Reached XP level 2. HP: 24/24 MP: 2/2
   967 | D:2      | Gained mutation: You are partially covered in molten
                  | scales. (AC +2) [demonic ancestry]
   967 | D:2      | Reached XP level 3. HP: 6/29 MP: 3/3
   976 | D:2      | Slain by a gnoll

Illustrated notes

Levels and vault maps discovered:
D:1:      dpeg_arrival_more_subterranean_lakeside_camping, layout_basic
D:2:      wad_crossroads, layout_loops_corners, corexii_corridor_pit,
          uniq_natasha

Skill      XL: |  1  2 |
---------------+-------+-----
Axes           | 2 |  2.2
Armour         | 3 |  3.0
Shields        | 3 |  3.0
Fighting       | |  3.3

Action                     || total
---------------------------++-------
  Melee: War axe           ||    46
         Headbutt          ||     3
    Use: Potion            ||     4
         Scroll            ||     1
 Armour: Chain mail        ||    29
  Dodge: Dodged            ||    18
  Block: Buckler           ||    10
